 Dungeon Crawl Stone Soup version 0.17.2-1-ge4368a0 (webtiles) character file.

400 rlgrobin the Insei (level 6, -3/51 HPs)
             Began as a Mummy Monk on Apr 18, 2017.
             Slain by a big kobold
             ... wielding a +0 short sword
              (7 damage)
             ... in a sewer.
             The game lasted 00:20:42 (12814 turns).

rlgrobin the Insei (Mummy Monk)                    Turns: 12814, Time: 00:20:43

Health: -3/51      AC:  2    Str: 14    XL:     6   Next: 54%
Magic:  6/6        EV: 14    Int:  9    God:
Gold:   238        SH:  0    Dex: 17    Spells: 0 memorised, 5 levels left

rFire  . . .     SeeInvis .       - Unarmed
rCold  + . .     Clarity  .     (no armour)
rNeg   + + +     SustAt   .     (no shield)
rPois  ∞         Gourm    .     (no helmet)
rElec  .         Spirit   .     (no cloak)
rCorr  .         Warding  .     g - +1 pair of gloves
rMut   .         Stasis   .     (no boots)
MR     .....                    (no amulet)
Stlth  ++........               i - ring of protection from fire (curse)
                                (no ring)

@: not resistant to hostile enchantments, unstealthy
A: no food or potions, fire vulnerability, cold resistance 1, negative energy
resistance 3, torment resistance, unbreathing
a: no special abilities


You were in a sewer.
You were not hungry.

You visited 1 branch of the dungeon, and saw 6 of its levels.
You also visited: Sewer.

You collected 238 gold pieces.


Innate Abilities, Weirdness & Mutations

You do not eat or drink.
Your flesh is vulnerable to fire.
You are immune to poison.
Your flesh is cold resistant.
You are immune to negative energy.
You are immune to unholy pain and torment.
You can survive without breathing.


   Skills:
 - Level 5.0 Fighting
 + Level 3.5 Dodging
 - Level 1.5 Stealth
 - Level 5.0 Unarmed Combat


You had 5 spell levels left.
You didn't know any spells.

Inventory:

Hand Weapons
 d - a +0 club
Armour
 g - a +1 pair of gloves (worn)
 j - a +0 robe
Jewellery
 i - a cursed ring of protection from fire (right hand)
Scrolls
 a - 3 scrolls of immolation {!r}
 b - 3 scrolls of remove curse
 c - 3 scrolls of teleportation {@r4}
 f - a scroll of noise {!r}
 h - a scroll of magic mapping
 k - 2 scrolls of amnesia

Dungeon Overview and Level Annotations

Branches:
Dungeon (6/15)
 Temple: D:4-7

Altars:
Ashenzari
Dithmenos

Annotations:
D:2 Pikel
D:4 Grinder, Sigmund Sewer exclusion: 2 doors

▒▒▒▒▒▒▒▒▒ ▒.▒▒.....
▒▒▒...P.... ▒▒▒▒▒
▒.......... ▒.∩.▒
+......÷... ▒.∩.▒
+..≈≈≈≈.... ▒...▒
▒.≈≈≈P≈....
▒▒▒M▒▒▒▒▒▒▒▒≈≈▒▒▒▒▒▒
▒≈≈≈K≈≈≈≈≈≈≈≈≈≈≈≈≈≈≈
▒≈≈≈≈≈≈≈≈≈≈≈≈≈≈≈≈≈≈≈
▒≈≈≈≈≈≈≈≈≈≈≈≈≈≈≈≈≈≈≈
▒▒▒▒▒▒▒▒▒▒▒▒▒▒▒▒▒≈≈≈
▒KK!!▒....P≈≈≈≈P
▒.∩KK+...†.≈≈≈≈.
▒.K..+......P...
▒..........


You could see a big kobold.


Message History

You barely miss the big kobold!
The big kobold is heavily wounded!
You beat the big kobold into a bloody pulp!
The big kobold is heavily wounded!
The big kobold closely misses you!
You miss the big kobold!
The big kobold is heavily wounded!
The big kobold hits you with a short sword!!! * * * don't die
* * * You take 6 damage, and have 10/51 hp!
You closely miss the big kobold!
The big kobold is heavily wounded!
The big kobold hits you with a short sword! * * * don't die
* * * You take 2 damage, and have 8/51 hp!
You closely miss the big kobold!
The big kobold is heavily wounded!
The big kobold hits you but does no damage!
You pummel the big kobold but do no damage!
The big kobold is heavily wounded!
The big kobold hits you with a short sword! * * * don't die
* * * You take 4 damage, and have 4/51 hp!
You closely miss the big kobold!
The big kobold is heavily wounded!
The big kobold closely misses you!
You beat the big kobold into a bloody pulp!
The big kobold is severely wounded!
The big kobold hits you with a short sword!!! rip

Action                   |  1- 3 |  4- 6 || total
-------------------------+-------+-------++-------
Melee: Unarmed           |   179 |   512 ||   691
  Use: Scroll            |       |     8 ||     8
 Stab: Sleeping          |     4 |     7 ||    11
       Distracted        |       |     1 ||     1

Vault maps used:
D:1:      shiori_arrival_elements, hangedman_decor_push,
          kennysheep_decorative_pillar, evilmike_ruin_ashenzari
D:2:      minmay_door_path, grunt_ministairs_1
D:3:      st_stairs_14, kennysheep_generic_room_13, uniq_jessica
D:4:      serial_shops, nicolae_shop_behind_doors, first_bread, uniq_sigmund,
          uniq_pikel, uniq_grinder
D:5:      grunt_temple_overflow_open, minmay_temple_entry_purple_smoke,
          serial_shops, shop, st_stairs_1
D:6:      gammafunk_temple_overflow_elements, portal_sewer_entry_b
Sewer:    kennysheep_pipe_town

Notes
Turn   | Place    | Note
--------------------------------------------------------------
     0 | D:1      | rlgrobin the Mummy Monk began the quest for the Orb.
     0 | D:1      | Reached XP level 1. HP: 18/18 MP: 1/1
   296 | D:1      | Found a shattered altar of Ashenzari.
   301 | D:1      | Reached XP level 2. HP: 16/24 MP: 2/2
  1028 | D:1      | Reached skill level 4 in Unarmed Combat
  1195 | D:1      | Reached XP level 3. HP: 26/29 MP: 3/3
  1993 | D:1      | Found a shattered altar of Ashenzari.
  2820 | D:2      | HP: 2/29 [adder (5)]
  3203 | D:2      | Reached XP level 4. HP: 18/35 MP: 4/4
  3914 | D:2      | Reached skill level 5 in Unarmed Combat
  4790 | D:3      | Reached XP level 5. HP: 41/41 MP: 5/5
  5226 | D:3      | Noticed Jessica
  5232 | D:3      | Killed Jessica
  5232 | D:3      | Reached skill level 4 in Fighting
  5379 | D:4      | Noticed Pikel
  5379 | D:4      | Noticed a slave
  5379 | D:4      | Noticed a slave
  5385 | D:4      | Noticed a slave
  5386 | D:4      | Noticed a slave
  7600 | D:1      | Noticed a tarantella
  8636 | D:4      | Noticed Sigmund
  9292 | D:2      | Reached skill level 5 in Fighting
  9428 | D:3      | Reached XP level 6. HP: 24/51 MP: 6/6
 10098 | D:4      | Killed a slave
 10226 | D:4      | Noticed Grinder
 11581 | D:5      | Entered Level 5 of the Dungeon
 11890 | D:6      | Reached skill level 3 in Dodging
 11961 | D:6      | Found a shadowy altar of Dithmenos.
 11961 | D:6      | Found a shattered altar of Ashenzari.
 12005 | D:6      | Found a glowing drain.
 12062 | D:6      | HP: 2/51 [river rat (5)]
 12280 | Sewer    | Entered a sewer
 12812 | Sewer    | HP: 4/51 [big kobold/short sword (4)]
 12814 | Sewer    | Slain by a big kobold

Vanquished Creatures
  A slave (D:4)
  A giant frog skeleton (D:6)
  A hound (D:6)
  Jessica (D:3)
  8 adders
  7 gnolls
  2 river rats (D:6)
  3 oozes
  5 worms
  3 giant geckos
  7 orcs
  4 ball pythons
  8 bats
  8 giant cockroaches
  7 goblins
  15 hobgoblins
  10 jackals
  15 kobolds
  2 quokkas (D:2)
  5 giant newts
  13 rats
126 creatures vanquished.
